 Dungeon Crawl Stone Soup version 0.31-a0-1603-gbec6b6ccbf (webtiles) character file.

Game seed: 6408954191175480506

299 bjtr the Magician (level 6, -1/82 HPs)
             Began as an Oni Hedge Wizard on Jan 8, 2024.
             Slain by an ice beast (13 damage)
             ... on level 4 of the Dungeon.
             The game lasted 00:16:17 (4156 turns).

bjtr the Magician (Oni Hedge Wizard)                Turns: 4156, Time: 00:16:17

Health: -1/82      AC:  6    Str: 15    XL:     6   Next: 36%
Magic:  14/14      EV: 10    Int: 17    God:
Gold:   165        SH:  0    Dex:  8    Spells: 8/16 levels left

rFire   + . .        s - +0 hand axe
rCold   . . .        (no shield)
rNeg    . . .        j - +2 robe {Will+}
rPois   .            c - +1 hat
rElec   .            (no cloak)
rCorr   .            (gloves unavailable)
SInv    .            (boots unavailable)
Will    +....        k - amulet of the acrobat Stlth
                     r - ring of protection from fire
HPRegen 0.33/turn    (no ring)
MPRegen 0.14/turn

%: acrobat
@: berserking, very quick
A: large, unfitting armour, horns 1, tough skin 1, double potion healing,
drunken brawling
a: no special abilities


You were on level 4 of the Dungeon.
You visited 1 branch of the dungeon, and saw 4 of its levels.

You collected 165 gold pieces.

Inventory:

Hand Weapons
 e - a +0 scimitar
 g - a +0 dagger of venom
 s - a +0 hand axe (weapon)
 t - a +0 rapier
 u - a +0 dagger of protection
Armour
 c - a +1 hat (worn)
 j - a +2 robe of willpower (worn)
Jewellery
 k - an amulet of the acrobat (around neck)
 p - a ring of fire
 r - a ring of protection from fire (left hand)
Scrolls
 o - a scroll of teleportation
Potions
 a - a potion of berserk rage
 b - a potion of degeneration {unknown}
 d - a potion of magic
 m - a potion of haste {unknown}
 n - a potion of might {unknown}
 q - a potion of enlightenment {unknown}
 z - 2 potions of mutation


   Skills:
 + Level 1.6 Fighting
 + Level 3.2 Dodging
 + Level 1.6 Stealth
 + Level 5.6 Spellcasting
 + Level 2.4 Conjurations
 + Level 1.4 Summonings
 + Level 0.8 Translocations
 + Level 0.3 Air Magic


You had 8 spell levels left.
You knew the following spells:

 Your Spells              Type           Power      Damage    Failure   Level
a - Magic Dart            Conj           52%        1d5       4%          1
b - Blink                 Tloc           14%        N/A       14%         2
c - Call Imp              Summ           18%        N/A       12%         2
d - Mephitic Cloud        Conj/Alch/Air  8%         N/A       26%         3

Your spell library contained the following spells:

 Spells                   Type           Power      Damage    Failure   Level
 Apportation              Tloc           14%        N/A       10%         1
 Slow                     Hex            16%        N/A       14%         1
 Cigotuvi's Dreadful Rot  Necr/Alch/Air  10%        N/A       19%         2
 Jinxbite                 Hex            8%         N/A       21%         2
 Alistair's Intoxication  Alch           2%         N/A       98%         5


Dungeon Overview and Level Annotations

Branches:
Dungeon (4/15)
 Temple: D:4-7

Altars:
Cheibriados
Fedhas
Ru
Uskayaw

Annotations:
D:4 2 runed translucent doors


Innate Abilities, Weirdness & Mutations

You are too large for most types of armour.
You have a pair of small horns on your head.
You have tough skin. (AC +1)
You gain doubled healing and magic from potions.
Whenever you drink a healing potion, you attack all around you.


Message History

The ice beast freezes you.
You hit the ice beast but do no damage. Your headbutt misses the ice beast.
The ice beast is heavily wounded.
The ice beast hits you but does no damage.
The howler monkey hoots and howls with incredible vigour!
You hear a shout!
You hit the ice beast. You headbutt the ice beast.
The ice beast is severely wounded.
The ice beast barely misses you.
You hit the ice beast.
The ice beast is almost dead.
The ice beast closely misses you. The ice beast barely misses you.
You hit the ice beast but do no damage.
The ice beast is almost dead.
The ice beast completely misses you.
You barely miss the ice beast.
The ice beast is almost dead.
The howler monkey hoots and howls with incredible vigour!
The ice beast hits you but does no damage.
You hit the ice beast but do no damage.
The ice beast is almost dead.
The ice beast hits you. The ice beast freezes you.
* * * LOW HITPOINT WARNING * * *
You closely miss the ice beast.
The ice beast is almost dead.
The ice beast barely misses you.
The howler monkey hoots and howls with incredible vigour!
The ice beast hits you but does no damage.
You hit the ice beast.
The ice beast is almost dead.
The ice beast hits you.
* * * LOW HITPOINT WARNING * * *
The ice beast freezes you!
* * * LOW HITPOINT WARNING * * *
Okay, then.
A red film seems to cover your vision as you go berserk!
You feel yourself moving faster!
You feel mighty! The ice beast hits you.
* * * LOW HITPOINT WARNING * * *
The ice beast freezes you!
You die...

#.#.#.#.##.#....#.#.#####,*
#.#.#.#.........#.#.#####,*
#.#.#.####.###..#.#.#####,*
#.#...# #........#.#####,*
#.#####**#####..###.#####,*
..#,,,,,.........5..#....,*
###,****######..#<..#.###**
*,* *.......###.#.### *,*
*.......@Yhg#.### *,*
*#####.####.#.###
***,******#...........###
*,,,,,,,,,#.##.##########***
*,*,*****,#....##(.!...Kg,,*
*,*,,,,,*,#..####[#######,**
*,*,*,*,*,*,,* *,* *,*
,,,,,,*,*,*,,* *,* *,*
,,,,,,*,*,*,,****,* *,*


You could see an ice beast, a howler monkey (catching breath) and a hobgoblin.

Vanquished Creatures
  A scorpion (D:4)
  An iguana (D:3)
  An orc wizard (D:3)
  6 adders
  2 gnolls (D:4)
  2 ribbon worms
  A dart slug (D:2)
  8 orcs
  5 bats
  5 endoplasms
  2 giant cockroaches (D:1)
  3 goblins
  5 hobgoblins
  9 jackals
  6 kobolds
  A quokka (D:1)
  6 ball pythons
  2 frilled lizards
  7 rats
73 creatures vanquished.

Vanquished Creatures (collateral kills)
  A gnoll (D:4)
  2 hobgoblins (D:4)
  A rat (D:3)
4 creatures vanquished.

Vanquished Creatures (others)
  A gnoll (D:4)
1 creature vanquished.

Grand Total: 78 creatures vanquished

Notes
Turn   | Place    | Note
-------+----------+-------------------------------------------
     0 | D:1      | bjtr the Oni Hedge Wizard began the quest for the Orb.
     0 | D:1      | Reached XP level 1. HP: 16/16 MP: 5/5
    55 | D:1      | Reached skill level 4 in Spellcasting
   108 | D:1      | Reached XP level 2. HP: 23/24 MP: 4/7
   111 | D:1      | Learned a level 2 spell: Blink
   114 | D:1      | Learned a level 2 spell: Call Imp
   361 | D:1      | Reached skill level 1 in Conjurations
   484 | D:1      | Reached XP level 3. HP: 11/32 MP: 2/8
  1386 | D:2      | Found a snail-covered altar of Cheibriados.
  1495 | D:2      | Reached XP level 4. HP: 40/40 MP: 10/10
  1503 | D:2      | Found a faded altar of an unknown god.
  1907 | D:2      | Learned a level 3 spell: Mephitic Cloud
  2346 | D:3      | Found a hide-covered altar of Uskayaw.
  2398 | D:3      | Reached skill level 1 in Fighting
  2398 | D:3      | Reached skill level 5 in Spellcasting
  2398 | D:3      | Reached XP level 5. HP: 38/48 MP: 9/12
  2622 | D:3      | Found a blossoming altar of Fedhas.
  2746 | D:3      | Reached skill level 1 in Summonings
  3139 | D:3      | Found a sacrificial altar of Ru.
  3572 | D:4      | Found a runed translucent gate.
  3573 | D:4      | Found a runed translucent gate.
  3606 | D:4      | Reached XP level 6. HP: 55/55 MP: 5/14
  3759 | D:4      | Noticed an ice beast
  4156 | D:4      | Slain by an ice beast

Illustrated notes

Levels and vault maps discovered:
D:1:      matt_arrival_los_fun, layout_rooms, minivault_4
D:2:      minmay_door_path, layout_basic, hellmonk_ecumenical_altar_arch_garden,
          basic_altar, serial_park_tiny_2
D:3:      layout_basic, nicolae_overflow_crystal_walls,
          mainiacjoe_overflow_alcove_4, mainiacjoe_overflow_paths,
          nicolae_concentric_dashed_squares_mild, nrook_uturn,
          chequers_mini_garden
D:4:      layout_basic, grunt_dithmenos_smoke, kennysheep_mini,
          gammafunk_ghost_split

Skill      XL: |  1  2  3  4  5 |
---------------+----------------+-----
Spellcasting   | 4 5 |  5.6
Dodging        | 2 3 |  3.2
Conjurations   | 1 2 |  2.4
Fighting       | 1 |  1.6
Summonings     | 1 |  1.4
Stealth        | |  1.6
Translocations | |  0.8
Air Magic      | |  0.3

Action                     |  1- 3 |  4- 6 || total
---------------------------+-------+-------++-------
  Melee: Dagger            |   123 |    12 ||   135
         Headbutt          |    13 |    21 ||    34
         Punch             |     1 |       ||     1
         Hand axe          |       |   111 ||   111
   Cast: Magic Dart        |    45 |    41 ||    86
         Call Imp          |     1 |    11 ||    12
         Mephitic Cloud    |       |     2 ||     2
         Blink             |       |     1 ||     1
    Use: Scroll            |       |    10 ||    10
         Potion            |       |     1 ||     1
 Armour: Robe              |    97 |   104 ||   201
  Dodge: Dodged            |    75 |    85 ||   160

Table legend: (Time is in decaauts)
 A = Elapsed time spent in this place.
 B = Non-inter-level travel time spent in this place.
 C = Inter-level travel time spent in this place.
 D = Time resting spent in this place.
 E = Time spent auto-exploring this place.
 F = Levels seen in this place.
 G = Mean time per level.
                   A        B        C        D        E       F      G
               +--------+--------+--------+--------+--------+-----+--------+
         Total |   4189 |   4089 |    100 |    529 |   2709 |   4 | 1047.2 |
       Dungeon |   4189 |   4089 |    100 |    529 |   2709 |   4 | 1047.2 |
               +--------+--------+--------+--------+--------+-----+--------+

Top non-repeatable levels by time:
     D:3: 1317 daAuts
     D:2: 1251 daAuts
     D:1: 1089 daAuts
     D:4: 530 daAuts
